 Dungeon Crawl Stone Soup version 0.29.0-13-gc9e81de378 (webtiles) character file.

Game seed: 11454956545019513191

23 RascalDebosk the Chucker (level 2, -2/23 HPs)
             Began as a Gnoll Wanderer on Sept 6, 2022.
             Slain by an adder (3 damage)
             ... on level 2 of the Dungeon on Sept 7, 2022.
             The game lasted 00:07:50 (1507 turns).

RascalDebosk the Chucker (Gnoll Wanderer)           Turns: 1507, Time: 00:07:50

Health: -2/23      AC:  3    Str: 13    XL:     2   Next: 95%
Magic:  5/5        EV: 11    Int: 11    God:
Gold:   30         SH:  0    Dex:  9    Spells: 5/6 levels left

rFire   . . .      SeeInvis .   a - +0 hand axe
rCold   . . .      Faith    .   (no shield)
rNeg    . . .      Spirit   .   e - +0 leather armour
rPois   .          Reflect  .   (no helmet)
rElec   .          Harm     .   (no cloak)
rCorr   .          Rampage  .   (no gloves)
Will    .....                   (no boots)
Stlth   +.........              (no amulet)
HPRegen 0.07/turn               (no ring)
MPRegen 0.09/turn               (no ring)

@: no status effects
A: fangs 1, strong nose, distributed training
a: no special abilities


You were on level 2 of the Dungeon.
You visited 1 branch of the dungeon, and saw 2 of its levels.

You collected 30 gold pieces.

Inventory:

Hand Weapons
 a - a +0 hand axe (weapon)
 c - a +0 dagger
Missiles
 b - 10 poisoned darts (quivered)
Armour
 e - a +0 leather armour (worn)
Scrolls
 i - a scroll of enchant armour {unknown}
Potions
 d - a potion of lignification
 f - 2 potions of mutation {unknown}
 g - a potion of degeneration {unknown}
 h - a potion of might {unknown}


   Skills:
 + Level 2.5 Fighting
 + Level 0.5 Short Blades
 + Level 0.5 Long Blades
 + Level 2.5 Axes
 + Level 0.5 Maces & Flails
 + Level 0.5 Polearms
 + Level 0.5 Staves
 + Level 0.5 Ranged Weapons
 + Level 6.5 Throwing
 + Level 0.5 Armour
 + Level 2.5 Dodging
 + Level 0.5 Stealth
 + Level 0.5 Shields
 + Level 0.5 Unarmed Combat
 + Level 2.7 Spellcasting
 + Level 0.4 Conjurations
 + Level 0.4 Hexes
 + Level 0.4 Summonings
 + Level 0.4 Necromancy
 + Level 0.4 Translocations
 + Level 3.7 Transmutations
 + Level 0.4 Fire Magic
 + Level 0.4 Ice Magic
 + Level 0.4 Air Magic
 + Level 0.4 Earth Magic
 + Level 0.4 Poison Magic
 + Level 2.5 Invocations
 + Level 0.5 Evocations


You had 5 spell levels left.
You knew the following spells:

 Your Spells              Type           Power      Damage    Failure   Level
a - Beastly Appendage     Tmut           18%        N/A       8%          1

Your spell library contained the following spells:

 Spells                   Type           Power      Damage    Failure   Level
 Spider Form              Tmut/Pois      6%         N/A       41%         3
 Ice Form                 Ice/Tmut       6%         N/A       82%         4


Dungeon Overview and Level Annotations

Branches:
Dungeon (2/15)

Altars:


Innate Abilities, Weirdness & Mutations

You have very sharp teeth.
Your uncanny sense of smell can sniff out nearby items.
Your experience applies equally to all skills.


Message History

The giant cockroach barely misses you. The adder bites you but does no damage.
The giant cockroach closely misses you. The goblin barely misses you.
You barely miss the goblin.
The goblin is severely wounded.
You barely miss the adder. You hit the giant cockroach.
You kill the giant cockroach!
You feel sick. The adder bites you.
* * * LOW HITPOINT WARNING * * *
The goblin completely misses you. The adder misses you.
You hit the goblin.
You kill the goblin!
You hit the adder.
You feel sick.
You are no longer poisoned.
The adder bites you but does no damage.
You barely miss the adder.
The adder is lightly wounded.
The adder closely misses you. The adder misses you.
You hit the adder.
The adder is moderately wounded.
The adder barely misses you.
You closely miss the adder.
The adder is moderately wounded.
The adder barely misses you. The adder bites you.
* * * LOW HITPOINT WARNING * * *
You miss the adder.
The adder is moderately wounded.
The adder closely misses you.
You closely miss the adder.
The adder is moderately wounded.
The adder bites you.
* * * LOW HITPOINT WARNING * * *
The adder bites you but does no damage.
Unknown command.
You hit the adder.
The adder is heavily wounded.
The adder barely misses you.
You hit the adder but do no damage.
The adder is heavily wounded.
The adder barely misses you. The adder bites you.
You die...

.[ #. ##. ... #..
#.. .. .... #..
.. ##...###.# .
#.#.........#.###
.#.#..##.#.#...#
........†)S#
#....##.#@##
#...##.....#
#...###.#.###.#
#...##.>.......
#.....#.#.#....
#..###..[.....#
#.....#.#.#.....
##.###..........
#.# #.#.#...#.#


You could see an adder.

Vanquished Creatures
  An adder (D:2)
  A bat (D:1)
  2 endoplasms (D:1)
  3 giant cockroaches
  A goblin (D:2)
  A hobgoblin (D:1)
  2 ball pythons (D:1)
  A rat (D:1)
12 creatures vanquished.

Notes
Turn   | Place    | Note
-------+----------+-------------------------------------------
     0 | D:1      | RascalDebosk the Gnoll Wanderer began the quest for the
                  | Orb.
     0 | D:1      | RascalDebosk set off with the following items: a +0 hand
                  | axe, 10 poisoned darts, a +0 dagger, a potion of
                  | lignification, a +0 leather armour; and the following spell
                  | memorised: Beastly Appendage; and the following spells
                  | available to memorise: Spider Form, Ice Form.
     0 | D:1      | Reached XP level 1. HP: 17/17 MP: 4/4
   344 | D:1      | Upgraded the game from 0.29.0-11-gd7f09526c8 to
                  | 0.29.0-13-gc9e81de378
   676 | D:1      | Reached XP level 2. HP: 16/23 MP: 5/5
  1505 | D:2      | HP: 1/23 [adder (1)]
  1507 | D:2      | Slain by an adder

Illustrated notes

Levels and vault maps discovered:
D:1:      psy_arrival_radial02, layout_basic, hex_tiny
D:2:      layout_loops_ring, st_stairs_13, minmay_octomino_e4

Action                   || total
-------------------------++-------
Melee: Hand axe          ||    52
       Bite              ||     4
 Stab: Sleeping          ||     1
Armor: Leather armour    ||    18
Dodge: Dodged            ||    51
